 Dungeon Crawl Stone Soup version 0.29-a0-923-g6e406bff71 (webtiles) character file.

Game seed: 12904481450747306742

7365 Newt the Slicer (level 10, -4/81 HPs)
             Began as a Palentonga Fighter on July 27, 2022.
             Was a High Priest of Okawaru.
             Killed from afar by a manticore (10 damage)
             ... with a volley of spikes
             ... on level 11 of the Dungeon.
             The game lasted 00:30:38 (12446 turns).

Newt the Slicer (Palentonga Fighter)               Turns: 12446, Time: 00:30:39

Health: -4/81      AC: 24    Str: 20    XL:     10   Next: 91%
Magic:  0/14       EV:  1    Int:  7    God:    Okawaru [*****.]
Gold:   588        SH:  8    Dex: 13    Spells: 9/9 levels left

rFire   . . .      SeeInvis +   e - +2 short sword (drain)
rCold   . . .      Faith    .   h - +3 buckler
rNeg    . . .      Spirit   +   o - +1 crystal plate armour
rPois   .          Reflect  .   (no helmet)
rElec   .          Harm     .   (no cloak)
rCorr   .          Rampage  .   w - +0 pair of gloves
Will    .....                   (no barding)
Stlth   ..........              j - amulet of guardian spirit
HPRegen 0.23/turn               (no ring)
MPRegen 0.14/turn               (no ring)

@: spiked, curled up, unable to read
A: large, rugged brown scales 3, see invisible, deformed body, roll 1, armoured
tail, reflexive curl, talons 1, deterioration 1, dopey 1, wild magic 1,
inability to read while threatened 1
a: Rolling Charge, Renounce Religion, Heroism, Finesse, Duel


You were on level 11 of the Dungeon.
You worshipped Okawaru.
Okawaru was extremely pleased with you.
You visited 2 branches of the dungeon, and saw 12 of its levels.

You collected 588 gold pieces.

Inventory:

Hand Weapons
 a - a +0 war axe
 e - a +2 short sword of draining (weapon)
 s - a +2 short sword of protection
Missiles
 l - 2 throwing nets
Armour
 b - a +0 scale mail
 c - a +0 buckler
 d - a +2 leather armour of cold resistance
 h - a +3 buckler (worn)
 o - a +1 crystal plate armour (worn)
 w - a +0 pair of gloves (worn)
 E - a +0 kite shield
 G - a +0 pair of gloves
Jewellery
 j - an amulet of guardian spirit (around neck)
 p - a ring of see invisible
 A - a ring of wizardry
Wands
 i - a wand of light (5)
 v - a wand of mindburst (18)
 D - a wand of charming (12)
 H - a wand of flame (37)
Scrolls
 f - a scroll of magic mapping
 g - a scroll of identify
 k - a scroll of amnesia
 n - a scroll of enchant weapon
 q - 2 scrolls of vulnerability
 C - a scroll of noise
Potions
 m - 3 potions of brilliance
 u - a potion of lignification
 B - a potion of cancellation
 F - a potion of haste
 J - a potion of might


   Skills:
 + Level 6.3 Fighting
 * Level 10.7 Short Blades
 - Level 2.0 Axes
 + Level 7.6 Armour
 + Level 6.3 Shields
 * Level 5.5 Invocations


You had 9 spell levels left.
You didn't know any spells.
Your spell library contained the following spells:

 Spells                   Type           Power      Damage    Failure   Level
 Beastly Appendage        Tmut           0%         N/A       100%        1
 Poisonous Vapours        Pois/Air       0%         N/A       100%        2
 Sublimation of Blood     Necr           0%         N/A       100%        2
 Wereblood                Tmut           0%         N/A       100%        2
 Portal Projectile        Hex/Tloc       0%         N/A       100%        3
 Spider Form              Tmut/Pois      0%         N/A       100%        3
 Stone Arrow              Conj/Erth      0%         3d7       100%        3
 Corpse Rot               Necr/Pois/Air  0%         N/A       100%        4
 Leda's Liquefaction      Hex/Erth       0%         N/A       100%        4
 Lehudib's Crystal Spear  Conj/Erth      0%         10d2      100%        8
 Call Canine Familiar     Summ           Unusable   N/A       N/A         3
 Animate Armour           Summ/Erth      Unusable   N/A       N/A         4
 Summon Hydra             Summ           Unusable   N/A       N/A         7

Dungeon Overview and Level Annotations

Branches:
Dungeon (11/15)            Temple (1/1) D:4
   Lair: D:8-11         Orc: D:9-12

Altars:
Kikubaaqudgha
Makhleb
Nemelex Xobeh
Okawaru
Qazlal
Trog
Xom


Innate Abilities, Weirdness & Mutations

You are completely covered in rugged brown scales. (AC +3, +7% HP)
You have supernaturally acute eyesight. (SInv)
Armour fits poorly on your strangely shaped body.
You can roll at nearby foes to attack.
You have a long armoured tail.
You curl defensively after being hit. (AC +7*)
You have sharp toenails.
Your body sometimes deteriorates upon taking damage.
You are dopey. (Int -2)
Your spells are a little harder to cast, but a little more powerful.
You occasionally lose the ability to read scrolls when taking damage.


Message History

Okay, then.
The manticore flicks its tail.
The volley of spikes hits you.
The barbed spikes become lodged in your body.
Roll where?
Press: ? - help, Q - select action, (/) - cycle Dir - move target, f - manticore
Aim: a manticore The barbs in your skin will harm you if you move.
Continue?
Okay, then.
The manticore flicks its tail.
The volley of spikes hits you!
The barbed spikes become lodged in your body.
The manticore flicks its tail.
The volley of spikes hits you!
The barbed spikes become lodged in your body.
You feel threatened and lose the ability to read scrolls!
The manticore flicks its tail.
The volley of spikes hits you!
The barbed spikes become lodged in your body.
The manticore flicks its tail.
The volley of spikes hits you!!
The barbed spikes become lodged in your body.
* * * LOW HITPOINT WARNING * * *
Drinking this now will have no effect.
The barbs in your skin will harm you if you move.
Continue?
Okay, then.
You cannot read scrolls in your current state!
Okay, then.
The manticore flicks its tail.
The volley of spikes hits you but does no damage.
The manticore flicks its tail.
The volley of spikes hits you but does no damage.
The manticore flicks its tail.
The volley of spikes hits you!
The barbed spikes become lodged in your body.
* * * LOW HITPOINT WARNING * * *
The manticore flicks its tail.
The volley of spikes hits you!
The barbed spikes become lodged in your body.
You die...

####.......<.............
#..#######............
#.. #....#####..# #..
#....# ## #. #....## ###.
#.....#
.....#######.....#
#..............#
#H.@.........#
+............#
#..............#
######.#####.... #.#
..... #.+ ..... #.# ..
#.#


You could see a manticore.

Vanquished Creatures
  2 two-headed ogres
  Joseph (D:7)
  3 unseen horrors
  A troll (D:8)
  3 wyverns (D:8)
  6 yaks
  Eustachio (D:6)
  3 vampire mosquitoes (D:11)
  A steam dragon (D:7)
  A water moccasin (D:6)
  An orc warrior (D:6)
  4 sky beasts
  An ice beast (D:6)
  An ogre (D:5)
  3 centaurs
  A phantom (D:5)
  3 bullfrogs
  5 scorpions
  A necrophage (D:5)
  A gnoll sergeant (D:7)
  4 wights
  5 killer bees
  3 howler monkeys
  3 hounds
  3 orc priests
  A gnoll bouda (D:9)
  4 iguanas
  3 orc wizards
  17 gnolls
  7 adders
  2 shadow imps
  2 white imps
  An ufetubus (D:6)
  3 worms
  30 orcs
  6 ball pythons
  11 endoplasms
  3 giant cockroaches
  7 goblins
  9 hobgoblins
  2 jackals (D:1)
  7 kobolds
  2 quokkas (D:2)
  9 bats
  4 frilled lizards
  10 rats
201 creatures vanquished.

Vanquished Creatures (others)
  5 plants (D:4)
5 creatures vanquished.

Grand Total: 206 creatures vanquished

Notes
Turn   | Place    | Note
-------+----------+-------------------------------------------
     0 | D:1      | Newt the Palentonga Fighter began the quest for the Orb.
     0 | D:1      | Reached XP level 1. HP: 19/19 MP: 1/1
   280 | D:1      | Reached XP level 2. HP: 23/25 MP: 2/2
   679 | D:1      | Reached skill level 1 in Short Blades
   887 | D:1      | Reached XP level 3. HP: 27/31 MP: 3/3
  1550 | D:2      | Found a faded altar of an unknown god.
  1579 | D:2      | Reached skill level 2 in Short Blades
  1873 | D:2      | Reached XP level 4. HP: 36/37 MP: 4/4
  2212 | D:3      | Reached skill level 3 in Short Blades
  2713 | D:3      | Reached XP level 5. HP: 43/43 MP: 5/5
  3354 | D:4      | Reached skill level 4 in Short Blades
  3830 | D:4      | Found a staircase to the Ecumenical Temple.
  3886 | D:4      | Gained mutation: You are partially covered in iridescent
                  | scales. (AC +2) [potion of mutation]
  3886 | D:4      | Gained mutation: You are clumsy. (Dex -2) [potion of
                  | mutation]
  3886 | D:4      | Gained mutation: Your muscles are strong. (Str +4, Int/Dex
                  | -1) [potion of mutation]
  3893 | D:5      | Entered Level 5 of the Dungeon
  3912 | Temple   | Entered the Ecumenical Temple
  4180 | Temple   | Became a worshipper of Warmaster Okawaru
  4194 | D:4      | Reached XP level 6. HP: 46/51 MP: 4/6
  4417 | D:4      | Found a bloodstained altar of Trog.
  4469 | D:4      | Found a sparkling altar of Nemelex Xobeh.
  4979 | D:5      | Reached skill level 5 in Short Blades
  4979 | D:5      | Gained mutation: You curl defensively after being hit. (AC
                  | +7*) [Palentonga growth]
  4979 | D:5      | Reached XP level 7. HP: 36/57 MP: 5/7
  4986 | D:5      | Reached * piety under Okawaru
  5173 | D:5      | Reached skill level 6 in Short Blades
  5547 | D:6      | Reached XP level 8. HP: 61/64 MP: 6/8
  5592 | D:6      | Reached skill level 7 in Short Blades
  5619 | D:6      | Reached ** piety under Okawaru
  5669 | D:6      | Noticed Eustachio
  5682 | D:6      | Killed Eustachio
  5841 | D:6      | Reached skill level 8 in Short Blades
  6378 | D:7      | Noticed Joseph
  6408 | D:7      | Killed Joseph
  6409 | D:7      | Reached skill level 1 in Invocations
  6409 | D:7      | Reached XP level 9. HP: 19/71 MP: 2/10
  6744 | D:7      | Reached *** piety under Okawaru
  6745 | D:7      | Reached skill level 5 in Fighting
  6876 | D:7      | Reached skill level 5 in Armour
  6946 | D:7      | Reached skill level 9 in Short Blades
  6964 | D:7      | Found an ancient bone altar of Kikubaaqudgha.
  7297 | D:7      | Found a shimmering altar of Xom.
  7335 | D:7      | Reached skill level 5 in Shields
  8965 | D:8      | Noticed an unseen horror
  8984 | D:8      | Killed an unseen horror
  8984 | D:8      | Reached **** piety under Okawaru
  9048 | D:9      | Noticed a troll
  9048 | D:9      | Noticed a two-headed ogre
  9122 | D:9      | Reached skill level 10 in Short Blades
  9143 | D:9      | Reached XP level 10. HP: 53/81 MP: 9/12
  9873 | D:9      | Noticed a death yak
  9876 | D:9      | Noticed a death yak
  9876 | D:9      | Noticed a death yak
  9881 | D:9      | Killed a two-headed ogre
  9881 | D:9      | Reached ***** piety under Okawaru
 11493 | D:8      | Lost mutation: Your muscles are strong. (Str +4, Int/Dex
                  | -1) [potion of mutation]
 11493 | D:8      | Lost mutation: You are partially covered in iridescent
                  | scales. (AC +2) [potion of mutation]
 11493 | D:8      | Lost mutation: You are clumsy. (Dex -2) [potion of
                  | mutation]
 11493 | D:8      | Gained mutation: You sometimes lose your temper in combat.
                  | [potion of mutation]
 11493 | D:8      | Gained mutation: You are partially covered in iridescent
                  | scales. (AC +2) [potion of mutation]
 11494 | D:8      | Lost mutation: You are partially covered in iridescent
                  | scales. (AC +2) [potion of mutation]
 11494 | D:8      | Lost mutation: You sometimes lose your temper in combat.
                  | [potion of mutation]
 11494 | D:8      | Gained mutation: You are strong-willed. (Will+) [potion of
                  | mutation]
 11496 | D:8      | Lost mutation: You are strong-willed. (Will+) [potion of
                  | mutation]
 11496 | D:8      | Gained mutation: You can roll at foes to attack. [potion of
                  | mutation]
 11496 | D:8      | Gained mutation: You have sharp toenails. [potion of
                  | mutation]
 11496 | D:8      | Gained mutation: Your body sometimes deteriorates upon
                  | taking damage. [potion of mutation]
 11496 | D:8      | Gained mutation: You have a pair of small horns on your
                  | head. [potion of mutation]
 11497 | D:8      | Lost mutation: You can roll at foes to attack. [potion of
                  | mutation]
 11497 | D:8      | Lost mutation: You have a pair of small horns on your head.
                  | [potion of mutation]
 11497 | D:8      | Gained mutation: You occasionally lose the ability to read
                  | scrolls when taking damage. [potion of mutation]
 11497 | D:8      | Gained mutation: You are dopey. (Int -2) [potion of
                  | mutation]
 11497 | D:8      | Gained mutation: Your spells are a little harder to cast,
                  | but a little more powerful. [potion of mutation]
 11508 | D:10     | Entered Level 10 of the Dungeon
 11561 | D:10     | Noticed a two-headed ogre
 11580 | D:10     | Killed a two-headed ogre
 11581 | D:10     | Reached skill level 5 in Invocations
 12431 | D:11     | Noticed a manticore
 12446 | D:11     | Killed from afar by a manticore

Illustrated notes

Levels and vault maps discovered:
D:1:      dpeg_arrival_ratfight, layout_basic
D:2:      layout_loops_corners, chequers_ecumenical_altar_island
D:3:      layout_rooms, minmay_fractal_squares_5
D:4:      layout_gridville, mainiacjoe_overflow_surrounded_room,
          mainiacjoe_overflow_chevrons, temple_fountains
D:5:      layout_rooms, st_stairs_8, minmay_chambers_of_fives
D:6:      layout_cave_pools, serial_glass, glass_columns_c, glass_columns_a,
          minmay_stone_trees_small, uniq_eustachio
D:7:      layout_loops_ring, lemuel_coloured_pillars_altar, kennysheep_mini,
          hangedman_decor_diamond_cutter, uniq_joseph
D:8:      layout_basic
D:9:      layout_basic, grunt_temple_overflow_open, dpeg_lair_monsters,
          serial_co_window_serial, co_window_paths_b, co_window_corner_a,
          co_window_corner_a, co_window_paths_a, co_window_paths_a,
          co_window_2corner, co_window_paths_c, co_window_paths_c,
          co_window_2corner, co_window_corner_ca, co_window_corner_b
D:10:     layout_long_grid, david_orc_1_choice
D:11:     cheibrodos_wizards_tower, layout_irregular_city,
          hangedman_abyss_or_decor_slice, kennysheep_generic_room_4
Temple:   kb_temple_of_zot

Skill      XL: |  1  2  3  4  5  6  7  8  9 10 |
---------------+-------------------------------+-----
Short Blades   | 1 2 3 4 5 6 8 10 | 10.7
Shields        | 3 4 5 6 |  6.3
Armour         | 3 4 5 7 |  7.6
Fighting       | 4 5 6 |  6.3
Invocations    | 1 3 5 |  5.5
Axes           | |  2.0

Action                   |  1- 3 |  4- 6 |  7- 9 | 10-12 || total
-------------------------+-------+-------+-------+-------++-------
Melee: Short sword       |   127 |   256 |   480 |   224 ||  1087
       War axe           |     2 |       |       |       ||     2
       Tailslap          |    11 |    32 |    92 |    50 ||   185
       Kick              |       |       |       |    25 ||    25
Invok: Heroism           |       |       |     4 |     2 ||     6
       Finesse           |       |       |       |     1 ||     1
 Abil: Rolling Charge    |       |       |     5 |     1 ||     6
Evoke: Wand              |       |       |     1 |       ||     1
  Use: Scroll            |       |     4 |    12 |     4 ||    20
       Potion            |       |     2 |     5 |     9 ||    16
 Stab: Distracted        |       |       |     1 |       ||     1
Armor: Scale mail        |    35 |       |       |       ||    35
       Crystal plate arm |    21 |   202 |   326 |   130 ||   679
Dodge: Dodged            |    25 |     7 |    31 |    18 ||    81
Block: Buckler           |    29 |    87 |   144 |    88 ||   348

Table legend: (Time is in decaauts)
 A = Elapsed time spent in this place.
 B = Non-inter-level travel time spent in this place.
 C = Inter-level travel time spent in this place.
 D = Time resting spent in this place.
 E = Time spent auto-exploring this place.
 F = Levels seen in this place.
 G = Mean time per level.
                   A        B        C        D        E       F      G
               +--------+--------+--------+--------+--------+-----+--------+
         Total |  12167 |  11999 |    168 |   4524 |   5320 |  12 | 1013.9 |
       Dungeon |  11893 |  11725 |    168 |   4268 |   5320 |  11 | 1081.2 |
        Temple |    273 |    273 |      0 |    256 |      0 |   1 |  273.0 |
               +--------+--------+--------+--------+--------+-----+--------+

Top non-repeatable levels by time:
     D:8: 3179 daAuts
     D:4: 1210 daAuts
     D:7: 1188 daAuts
     D:1: 1170 daAuts
     D:3: 1135 daAuts
     D:6: 1085 daAuts
     D:2: 1039 daAuts
     D:5: 699 daAuts
    D:11: 482 daAuts
    D:10: 407 daAuts
     D:9: 296 daAuts
  Temple: 273 daAuts
